 Dungeon Crawl Stone Soup version 0.25-a0-1056-g2efb326896 (webtiles) character file.

Game seed: 8104356313451441734, levelgen mode: deterministic

1848 Hasart the Conjurer (level 8, -2/78 HPs)
             Began as a Demonspawn Fire Elementalist on May 13, 2020.
             Was an Initiate of Vehumet.
             Slain by Harold
             ... wielding a +0 short sword
              (10 damage)
             ... on level 6 of the Dungeon.
             The game lasted 00:25:20 (6592 turns).

Hasart the Conjurer (Demonspawn Fire Elementalist)  Turns: 6592, Time: 00:25:21

Health: -2/78      AC: 24    Str:  9    XL:     8   Next: 88%
Magic:  19/23      EV:  2    Int: 19    God:    Vehumet [......]
Gold:   227        SH:  0    Dex: 13    Spells: 6/16 levels left

rFire    . . .     SeeInvis .   h - +2 short sword (elec)
rCold    . . .     Gourm    .   (no shield)
rNeg     + + +     Faith    .   (armour currently unavailable)
rPois    +         Spirit   .   (helmet currently unavailable)
rElec    .         Reflect  .   (cloak currently unavailable)
rCorr    .         Harm     .   (gloves currently unavailable)
MR       .....     NoTele   +   (boots currently unavailable)
Stlth    ++........             l - amulet of regeneration
HPRegen  0.63/turn              e - ring of magical power
MPRegen  0.18/turn              (no ring)

@: tree-form, marked, very slightly contaminated, invisible
A: foul stench 1, powered by death 2, rot immunity
a: Renounce Religion


You were on level 6 of the Dungeon.
You worshipped Vehumet.
Vehumet was noncommittal.
You were hungry.
You were a tree.
You visited 1 branch of the dungeon, and saw 7 of its levels.

You collected 227 gold pieces.

Inventory:

Hand Weapons
 h - a +2 short sword of electrocution (weapon)
Armour
 b - a +0 helmet (melded)
 x - a +0 leather armour (melded)
Jewellery
 e - a ring of magical power (left branch)
 l - an amulet of regeneration (around neck)
 w - an uncursed amulet of the acrobat {unknown}
Wands
 o - a wand of polymorph (7)
 s - a wand of digging (2)
Scrolls
 g - 8 scrolls of identify {unknown}
 r - 4 scrolls of remove curse
Potions
 i - 2 potions of might
 m - a potion of degeneration {unknown}
 q - a potion of ambrosia {unknown}
 t - a potion of brilliance {unknown}
 u - 2 potions of curing
Comestibles
 c - 7 rations


   Skills:
 + Level 3.7 Short Blades
 + Level 4.6 Dodging
 - Level 1.7 Stealth
 + Level 4.6 Spellcasting
 * Level 6.8 Conjurations
 + Level 5.0 Fire Magic


You had 6 spell levels left.
You knew the following spells:

 Your Spells              Type           Power        Failure   Level  Hunger
a - Foxfire               Conj/Fire      ####         1%          1    None
b - Sticky Flame          Conj/Fire      ####....     11%         4    ####...
c - Fireball              Conj/Fire      ####......   30%         5    ######.

Your spell library contained the following spells:

 Spells                   Type           Power        Failure   Level  Hunger
 Conjure Flame            Conj/Fire      ####....     3%          3    ###....
 Beastly Appendage        Tmut           #.....       13%         1    None
 Sandblast                Erth           #.....       13%         1    None
 Inner Flame              Hex/Fire       ##......     14%         3    ###....
 Passwall                 Tmut/Erth      #.......     21%         2    #......
 Shroud of Golubria       Chrm/Tloc      #.....       21%         2    #......
 Sticks to Snakes         Tmut           #.......     21%         2    #......
 Spider Form              Tmut/Pois      #.........   36%         3    ###....
 Bolt of Magma            Conj/Fire/Erth ###.......   56%         5    ######.
 Iskenderun's Battlesphe  Conj/Chrm      ###.....     65%         5    ######.
 Ice Form                 Ice/Tmut       #.......     78%         4    ####...
 Blade Hands              Tmut           #.........   98%         5    ######.


Dungeon Overview and Level Annotations

Branches:
Dungeon (7/15)
 Temple: D:4-7

Altars:
Cheibriados
Dithmenos
Fedhas
Nemelex Xobeh
Okawaru
Uskayaw
Vehumet
The Shining One

Annotations:
D:6 Harold


Innate Abilities, Weirdness & Mutations

You may emit foul miasma when damaged in melee.
You regenerate health from kills.
You are immune to rotting.


Message History

You hit Harold.
Harold is heavily wounded.
The bullfrog hits you.
* * * LOW HITPOINT WARNING * * *
The hound bites you but does no damage. Harold hits you but does no damage.
Unknown command.
You barely miss Harold.
Harold is heavily wounded.
The bullfrog hits you but does no damage.
The hound bites you but does no damage. Harold gestures at you while chanting.
The mark upon you grows brighter.
The bullfrog hits you but does no damage.
The hound bites you but does no damage.
You strike the helpless Harold from behind!
You hit Harold.
Harold is heavily wounded.
The bullfrog hits you but does no damage.
The hound bites you but does no damage. Harold hits you with a +0 short sword!
You die...

.........................# #.##.
.........................# #....
.........................# ####.
.........................# #.
.............############# ####.
.............#........# #....
#####'#...[..#........#######.###
#####...)....)........'.......#
....##...#####.o♣.....#######.#
....##...#####FF@h.....# ###
....##...##............#
....###).##.##.........# ....#
#..##.##..[......#
...(###................#
....#...F..............#
...(#.#.o......#'#####.#
(.....#........#.......#


You could see Harold (strong, sick), 2 bullfrogs, a hound (sick) and an orc
wizard.

Vanquished Creatures
  Eustachio (D:4)
  Edmund (D:4)
  An orc warrior (D:6)
  2 phantoms
  An ogre (D:6)
  2 centaurs
  A necrophage (D:6)
  A bullfrog (D:7)
  2 scorpions
  A howler monkey (D:7)
  A crimson imp (D:4)
  2 bullfrog zombies
  3 hounds
  A quasit (D:6)
  A centaur skeleton (D:4)
  3 orc priests
  A jelly (D:6)
  3 orc wizards
  Jessica (D:2)
  3 iguanas (D:4)
  9 adders
  3 gnolls (D:5)
  A shadow imp (D:5)
  An ooze (D:2)
  2 worms (D:2)
  A dart slug (D:4)
  8 leopard geckos
  15 orcs
  A ball python (D:3)
  4 giant cockroaches
  3 goblins
  4 hobgoblins
  11 jackals
  2 quokkas (D:6)
  8 bats
  4 frilled lizards
  4 kobolds
  A leopard gecko skeleton (D:6)
  A quokka skeleton (D:5)
  A quokka zombie (D:5)
  9 rats
125 creatures vanquished.

Vanquished Creatures (collateral kills)
  A kobold (D:1)
1 creature vanquished.

Vanquished Creatures (others)
  304 foxfires
304 creatures vanquished.

Grand Total: 430 creatures vanquished

Notes
Turn   | Place    | Note
-------+----------+-------------------------------------------
     0 | D:1      | Hasart the Demonspawn Fire Elementalist began the quest for
                  | the Orb.
     0 | D:1      | Reached XP level 1. HP: 13/13 MP: 3/3
   879 | D:2      | Gained mutation: You regenerate a little health from kills.
                  | [demonic ancestry]
   879 | D:2      | Reached XP level 2. HP: 19/19 MP: 0/5
  1166 | D:2      | Reached skill level 2 in Conjurations
  1166 | D:2      | Gained mutation: You regenerate health from kills. [demonic
                  | ancestry]
  1166 | D:2      | Reached XP level 3. HP: 23/24 MP: 3/6
  1319 | D:2      | Found a sparkling altar of Nemelex Xobeh.
  1362 | D:2      | Found a shadowy altar of Dithmenos.
  1430 | D:2      | Noticed Jessica
  1450 | D:2      | Killed Jessica
  1450 | D:2      | Reached XP level 4. HP: 28/30 MP: 2/7
  1575 | D:2      | Found a faded altar of an unknown god.
  1730 | D:2      | Learned a level 4 spell: Sticky Flame
  2024 | D:3      | Found a glowing golden altar of the Shining One.
  2180 | D:3      | Found a blossoming altar of Fedhas.
  2729 | D:4      | Reached skill level 3 in Conjurations
  2729 | D:4      | Gained mutation: You are immune to rotting. [demonic
                  | ancestry]
  2729 | D:4      | Reached XP level 5. HP: 35/35 MP: 7/9
  2840 | D:4      | Noticed Edmund
  2843 | D:4      | Killed Edmund
  2843 | D:4      | Reached skill level 1 in Short Blades
  2968 | D:4      | Reached XP level 6. HP: 41/41 MP: 7/10
  3242 | D:4      | Noticed Eustachio
  3269 | D:4      | Killed Eustachio
  3269 | D:4      | Reached skill level 4 in Conjurations
  3398 | D:4      | Reached XP level 7. HP: 43/46 MP: 6/12
  3906 | D:5      | Entered Level 5 of the Dungeon
  4133 | D:4      | Reached skill level 5 in Conjurations
  4501 | D:5      | Found a snail-covered altar of Cheibriados.
  4538 | D:5      | Noticed a -2 dagger
  4538 | D:5      | Noticed a +0 hand axe
  4541 | D:5      | Found a hide-covered altar of Uskayaw.
  4639 | D:5      | Learned a level 5 spell: Fireball
  4673 | D:5      | HP: 2/46 [centaur/arrow (13)]
  5186 | D:6      | Gained mutation: You may emit foul miasma when damaged in
                  | melee. [demonic ancestry]
  5186 | D:6      | Reached XP level 8. HP: 51/52 MP: 5/13
  5394 | D:6      | Reached skill level 6 in Conjurations
  5430 | D:6      | Found an iron altar of Okawaru.
  5477 | D:6      | Identified the Grimoire of Talismans and the Mountains
  6143 | D:7      | Found a radiant altar of Vehumet.
  6162 | D:7      | Reached skill level 5 in Fire Magic
  6210 | D:7      | Became a worshipper of Vehumet
  6231 | D:7      | Noticed Harold
  6291 | D:7      | Noticed a hippogriff
  6592 | D:6      | Slain by Harold

Illustrated notes

Levels and vault maps discovered:
D:1:      eino_arrival_cavern_a, layout_basic, minmay_misc_feat_x,
          minmay_splitting_lines
D:2:      layout_basic, nemelex_altar_shiori, nicolae_overflow_crystal_walls,
          chequers_ecumenical_altar_simple, uniq_jessica
D:3:      layout_loops_corners, tso_metal_star, fedhas_altar_2
D:4:      layout_loops_ring, kennysheep_generic_room_13, uniq_eustachio,
          uniq_edmund
D:5:      layout_loops_corners, lemuel_doored_altar, dancing_weapons_uskayaw,
          first_ration
D:6:      layout_basic, kennysheep_pointless_box,
          hangedman_abyss_or_decor_slice, st_stairs_1, minmay_misc_feat_tower,
          okawaru_trees_2
D:7:      layout_rooms, lemuel_round_altar, makhleb_blood_cavern_becter,
          minmay_temple_entry_waves, uniq_harold

Skill      XL: |  1  2  3  4  5  6  7  8 |
---------------+-------------------------+-----
Dodging        | 2 3 4 |  4.6
Conjurations   | 2 3 4 5 6 |  6.8
Fire Magic     | 3 4 5 |  5.0
Short Blades   | 1 2 3 |  3.7
Spellcasting   | 3 4 |  4.6
Stealth        | |  1.7

Action                   |  1- 3 |  4- 6 |  7- 9 || total
-------------------------+-------+-------+-------++-------
Melee: Hand axe          |    24 |     3 |       ||    27
       Short sword       |       |    64 |    89 ||   153
 Cast: Foxfire           |    36 |    44 |   110 ||   190
       Sticky Flame      |       |       |     4 ||     4
  Use: Scroll            |       |     2 |     8 ||    10
       Potion            |       |       |     4 ||     4
 Stab: Sleeping          |       |     4 |     5 ||     9
       Invisible         |       |       |     1 ||     1
  Eat: Chunk             |     2 |     6 |    10 ||    18
Armor: Robe              |    13 |    18 |    11 ||    42
       Skin              |       |       |    16 ||    16
       Leather armour    |       |       |    10 ||    10
Dodge: Dodged            |    29 |    70 |    96 ||   195

Table legend:
 A = Non-vault XP
 B = Vault XP
 C = Vault XP percentage of total XP
 D = Non-vault monster count
 E = Vault monster count
 F = Vault count percentage of total count
                 A         B        C        D         E       F
            +---------+---------+-------+---------+---------+-------
      Total |    1935 |     706 |  26.7 |     117 |       9 |   7.1
            +---------+---------+-------+---------+---------+-------
        D:1 |       7 |       0 |   0.0 |       5 |       0 |   0.0
        D:2 |      70 |      37 |  34.6 |      22 |       1 |   4.3
        D:3 |      45 |       0 |   0.0 |      19 |       0 |   0.0
        D:4 |     408 |     443 |  52.1 |      20 |       4 |  16.7
        D:5 |     336 |       0 |   0.0 |      23 |       0 |   0.0
        D:6 |     710 |     226 |  24.1 |      21 |       4 |  16.0
        D:7 |     359 |       0 |   0.0 |       7 |       0 |   0.0
            +---------+---------+-------+---------+---------+-------
